 Dungeon Crawl Stone Soup version 0.26.0-45-g9c1d065592 (webtiles) character file.

Game seed: 1686900591811746947

6936 kaeus the Covert (level 11, -8/77 HPs)
             Began as an Octopode Fighter on Jan 29, 2021.
             Was a Believer of Uskayaw.
             Mangled by a six-headed hydra (14 damage)
             ... on level 9 of the Dungeon.
             The game lasted 00:20:32 (9736 turns).

kaeus the Covert (Octopode Fighter)                 Turns: 9736, Time: 00:20:32

Health: -8/77      AC:  2    Str: 15 (16) XL:     11   Next: 7%
Magic:  17/17      EV: 15    Int: 21 (22) God:    Uskayaw [**....]
Gold:   462        SH: 16    Dex: 12 (15) Spells: 19/19 levels left

rFire    . . .     SeeInvis .   s - +4 dagger (protect)
rCold    + + .     Faith    .   a - +1 kite shield of Distant Worlds {+Inv rC++}
rNeg     . . .     Spirit   .   n - +1 hat
rPois    .         Reflect  +   f - amulet of reflection
rElec    .         Harm     .   j - +6 ring of intelligence
rCorr    +         Rampage  .   r - ring of resist corrosion
Will     .....                  w - +6 ring of intelligence
Stlth    ++++++....             (no ring)
HPRegen  0.22/turn              (no ring)
MPRegen  0.15/turn              (no ring)
                                (no ring)
                                (no ring)

@: no status effects
A: almost no armour, stealthy swim, amphibious, 8 rings, constrict 8, camouflage
1, gelatinous body 1
a: Renounce Religion, Evoke Invisibility, Stomp, Line Pass


You were on level 9 of the Dungeon.
You worshipped Uskayaw.
Uskayaw was noncommittal.
You visited 2 branches of the dungeon, and saw 10 of its levels.
You also visited: Sewer and Ossuary.

You collected 462 gold pieces.

Inventory:

Hand Weapons
 s - a +4 dagger of protection (weapon)
 B - a +0 dagger of draining
Missiles
 q - 29 poisoned darts
Armour
 a - the +1 kite shield of Distant Worlds (worn) {+Inv rC++}
   (You found it on level 8 of the Dungeon)

   It greatly protects you from cold.
   It lets you turn invisible.
 n - a +1 hat (worn)
Jewellery
 f - an amulet of reflection (around mantle)
 j - a +6 ring of intelligence (left tentacle)
 k - an uncursed amulet of regeneration
 r - a ring of resist corrosion (right tentacle)
 w - a +6 ring of intelligence (on tentacle)
Wands
 b - a wand of iceblast (13)
 v - a wand of paralysis (7)
Scrolls
 d - 2 scrolls of fear
 e - 4 scrolls of remove curse
 g - 6 scrolls of teleportation
 h - a scroll of identify
 i - 2 scrolls of immolation
 t - a scroll of magic mapping
 u - 5 scrolls of fog
 y - a scroll of amnesia
Potions
 c - 6 potions of might
 l - a potion of haste {unknown}
 m - a potion of degeneration
 o - 2 potions of brilliance
 p - 7 potions of curing
 x - a potion of invisibility {unknown}
 z - a potion of berserk rage {unknown}
 A - a potion of flight {unknown}
 C - 3 potions of cancellation
 D - a potion of attraction {unknown}
 E - a potion of mutation {unknown}
 G - a potion of ambrosia {unknown}
 H - 2 potions of magic {unknown}


   Skills:
 + Level 8.1 Fighting
 + Level 7.8 Short Blades
 + Level 6.2 Dodging
 * Level 12.6 Stealth
 + Level 8.2 Shields
 - Level 4.5 Spellcasting
 + Level 1.3 Evocations


You had 19 spell levels left.
You didn't know any spells.
Your spell library was empty.

Dungeon Overview and Level Annotations

Branches:
Dungeon (9/15)             Temple (1/1) D:5           Sewer (visited)
Ossuary (visited)
   Lair: D:8-11         Orc: D:9-12

Altars:
Ashenzari
Elyvilon
Fedhas
Gozag
Hepliaklqana
Kikubaaqudgha
Nemelex Xobeh
Okawaru
Ru
Sif Muna
Trog
Uskayaw
Vehumet
Wu Jian
Xom
Yredelemnul
Zin
The Shining One

Shops:
D:4 }   D:6 (   D:8 !?([

Annotations:
D:3 2 transporters, Tarl's ghost, amateur VSFi


Innate Abilities, Weirdness & Mutations

You cannot wear most types of armour.
You are very stealthy in the water. (Stealth+)
You are amphibious.
You can wear up to eight rings at the same time.
You can use your tentacles to constrict eight enemies at once.
Your skin changes colour to match your surroundings (Stealth+).
Your rubbery body absorbs attacks. (AC +1, EV +1)


Message History

* * * LOW HITPOINT WARNING * * *
You see here a stone.
You take 14 damage, and have 14/77 hp.
It was a potion of degeneration.
There was something very wrong with that liquid.
You feel weakened.
You feel dopey.
You feel clumsy. The six-headed hydra bites you.
* * * LOW HITPOINT WARNING * * *
You block the six-headed hydra's attack. x2
The six-headed hydra bites you.
* * * LOW HITPOINT WARNING * * *
The six-headed hydra bites you but does no damage.
The six-headed hydra bites you.
* * * LOW HITPOINT WARNING * * *
You take 12 damage, and have 2/77 hp.
You feel better. The six-headed hydra bites you.
* * * LOW HITPOINT WARNING * * *
The six-headed hydra closely misses you.
The six-headed hydra bites you!
You die...

#.. #...†..# #..# #.. #..#
#......# #..# #.. #..#
#......# #..# #.. #..#
#......# #..# #.. #.....
#..# #......# #..# #..
#..... #..# #......###..#
#..
#.......###..###...........#
#.. .K..
...K(()†(.?.D#........# ##.#
.K.#
.####(.(..@.#..#####.###..#


KKh# #....<..#..# #.##..## KK.# #......(#..# #.##..# K.F# #.......#..# #.....##
.K.# #.......#..# #......# .D.# #.......#.)# #......# ...# #.......#..# #.......
...# # #..........# #....... ...# .. ...........#####....... You could see a
six-headed hydra.

Vanquished Creatures
  Pikel (D:5)
  Grinder (D:3)
  Eustachio (D:5)
  Edmund (D:5)
  An ice beast (D:7)
  An orc warrior (D:7)
  2 phantoms
  A sky beast (D:7)
  5 ogres
  6 centaurs
  3 lemures (D:5)
  2 big kobolds
  8 bullfrogs
  A gnoll sergeant (D:7)
  4 water moccasin zombies (Ossuary)
  A wyvern skeleton (D:8)
  3 scorpions
  10 killer bees
  A howler monkey (D:5)
  2 centaur zombies
  3 bullfrog zombies
  6 hounds
  2 jellies
  5 orc priests
  3 iguanas
  6 worker ants
  8 orc wizards
  Ijyb (D:3)
  A hound zombie (D:8)
  2 mummies (Ossuary)
  3 worker ant zombies
  8 gnolls
  11 adders
  2 river rats (D:5)
  2 white imps
  An ufetubus (D:5)
  12 oozes
  5 adder zombies (Ossuary)
  An adder skeleton (D:5)
  6 worms
  7 dart slugs
  15 leopard geckos
  31 orcs
  4 bats
  13 giant cockroaches
  A gnoll zombie (Ossuary)
  15 goblins
  8 hobgoblins
  16 jackals
  3 quokkas
  7 ball pythons
  12 frilled lizards
  4 hobgoblin zombies (Ossuary)
  A jackal skeleton (D:5)
  17 kobolds
  9 kobold zombies (Ossuary)
  A leopard gecko skeleton (D:4)
  A leopard gecko zombie (D:5)
  3 orc zombies (Ossuary)
  A quokka skeleton (D:5)
  15 rats
327 creatures vanquished.

Vanquished Creatures (others)
  An orc (D:8)
  A jackal (D:8)
2 creatures vanquished.

Grand Total: 329 creatures vanquished

Notes
Turn   | Place    | Note
-------+----------+-------------------------------------------
     0 | D:1      | kaeus the Octopode Fighter began the quest for the Orb.
     0 | D:1      | Reached XP level 1. HP: 16/16 MP: 1/1
    95 | D:1      | Reached skill level 1 in Stealth
   267 | D:1      | Reached XP level 2. HP: 21/21 MP: 2/2
   654 | D:1      | Reached XP level 3. HP: 25/26 MP: 3/3
   697 | D:1      | Reached skill level 2 in Stealth
  1339 | D:2      | Reached XP level 4. HP: 31/31 MP: 4/4
  1390 | D:2      | Reached skill level 3 in Stealth
  1867 | D:3      | Found a transporter.
  1905 | D:3      | Noticed Tarl's ghost (amateur VSFi)
  2005 | D:3      | Found a transporter.
  2037 | D:3      | Noticed Grinder
  2048 | D:3      | Killed Grinder
  2049 | D:3      | Reached skill level 4 in Stealth
  2049 | D:3      | Reached XP level 5. HP: 19/37 MP: 5/5
  2049 | D:3      | Reached XP level 6. HP: 22/43 MP: 6/6
  2290 | D:3      | Reached skill level 5 in Stealth
  2326 | D:3      | Noticed Ijyb
  2341 | D:3      | Killed Ijyb
  2631 | D:4      | Reached XP level 7. HP: 14/48 MP: 7/7
  3493 | D:4      | Reached skill level 6 in Stealth
  3724 | D:4      | Found Bipniag's Gadget Shoppe.
  3821 | D:5      | Entered Level 5 of the Dungeon
  3821 | D:5      | Noticed Eustachio
  3934 | D:5      | Killed Eustachio
  3935 | D:5      | Reached skill level 7 in Stealth
  3935 | D:5      | Reached XP level 8. HP: 33/54 MP: 8/8
  4054 | D:5      | Reached skill level 5 in Dodging
  4066 | D:5      | Noticed Edmund
  4072 | D:5      | Found a glowing drain.
  4092 | D:5      | Killed Edmund
  4093 | D:5      | Reached skill level 5 in Fighting
  4093 | D:5      | Reached skill level 8 in Stealth
  4093 | D:5      | Reached skill level 5 in Shields
  4107 | Sewer    | Entered a sewer
  4588 | D:5      | Reached skill level 11 in Stealth
  4588 | D:5      | Reached XP level 9. HP: 64/64 MP: 8/15
  4837 | D:5      | Noticed Pikel
  4885 | D:5      | Killed Pikel
  4886 | D:5      | Reached XP level 10. HP: 63/71 MP: 16/16
  4996 | D:5      | Found a staircase to the Ecumenical Temple.
  5019 | Temple   | Entered the Ecumenical Temple
  5174 | Temple   | Became a worshipper of Uskayaw the Reveller
  5347 | D:5      | Reached * piety under Uskayaw
  5460 | D:6      | Found a sand-covered staircase.
  5465 | Ossuary  | Entered an ossuary
  5481 | Ossuary  | Reached ** piety under Uskayaw
  5490 | Ossuary  | Reached *** piety under Uskayaw
  5533 | Ossuary  | Reached **** piety under Uskayaw
  6285 | D:6      | Found Pasat's Antique Weapon Emporium.
  6828 | D:7      | Reached skill level 12 in Stealth
  7041 | D:7      | Reached ***** piety under Uskayaw
  7373 | D:7      | Found a white marble altar of Elyvilon.
  8090 | D:8      | Got a masterwork kite shield
  8101 | D:8      | Identified the +1 kite shield of Distant Worlds {+Inv rC++}
                  | (You found it on level 8 of the Dungeon)
  8190 | D:8      | Found Volip's Weapon Boutique.
  8247 | D:8      | Found Ginistyrph's Distillery.
  8265 | D:8      | Found Risis's Magic Scroll Shoppe.
  8402 | D:8      | Found Qoralaz's Armour Emporium.
  8427 | D:8      | Reached XP level 11. HP: 76/77 MP: 17/17
  8444 | D:8      | Found an opulent altar of Gozag.
  8683 | D:9      | Noticed a six-headed hydra
  8748 | D:9      | Reached skill level 1 in Evocations
  9735 | D:9      | HP: 2/77 [six-headed hydra (6)]
  9736 | D:9      | Mangled by a six-headed hydra

Illustrated notes

Levels and vault maps discovered:
D:1:      amcnicky_arrival_gap_in_the_tavern_cellar, layout_loops_corners,
          serial_bayou_pond_d, dk_noncrumbling_2, st_stairs_14,
          minmay_misc_feat_rows, minmay_surrounded
D:2:      layout_rooms
D:3:      kennysheep_the_goblin_king, layout_basic, gammafunk_ghost_arena,
          uniq_grinder
D:4:      layout_rooms, serial_shops, nicolae_shop_behind_doors
D:5:      layout_cave_pools, minmay_temple_entry_statues_fountains,
          portal_sewer_entry_c, uniq_eustachio, uniq_edmund, uniq_pikel
D:6:      layout_gridville, nicolae_ossuary_entry_plus, serial_shops,
          nicolae_shop_stone
D:7:      layout_loops_ring, elyvilon_altar_3
D:8:      layout_cave_pools, overflow_temple_1_default, serial_shops, shop,
          nicolae_shop_trees, shop, shop
D:9:      cheibrodos_iron_armory, layout_long_grid,
          nicolae_overflow_hidden_temple, erik_lair_dragon
Temple:   regret_index_temple_sphere_string

Skill      XL: |  1  2  3  4  5  6  7  8  9 10 11 |
---------------+----------------------------------+-----
Stealth        | 1 2 4 5 7 11 12 | 12.6
Short Blades   | 3 7 |  7.8
Dodging        | 4 5 6 |  6.2
Shields        | 4 7 8 |  8.2
Fighting       | 4 7 8 |  8.1
Spellcasting   | 4 |  4.5
Evocations     | 1 |  1.3

Action                   |  1- 3 |  4- 6 |  7- 9 | 10-12 || total
-------------------------+-------+-------+-------+-------++-------
Melee: Rapier            |    59 |    36 |       |       ||    95
       Constrict         |    17 |    24 |    63 |    79 ||   183
       Tentacles         |     9 |    22 |    71 |   103 ||   205
       Dagger            |       |    58 |   267 |   376 ||   701
  Use: Scroll            |       |     3 |     7 |     9 ||    19
       Potion            |       |     1 |     1 |     4 ||     6
 Stab: Sleeping          |     5 |     9 |    22 |    25 ||    61
       Paralysed         |       |       |       |    20 ||    20
       Distracted        |       |       |       |     1 ||     1
Armor: Skin              |     7 |     3 |    36 |    40 ||    86
Dodge: Dodged            |    15 |    20 |   105 |   117 ||   257
Block: Kite shield       |    23 |    40 |   191 |   238 ||   492
       Reflection        |       |     6 |     3 |    13 ||    22
